 Dungeon Crawl Stone Soup version 0.26.1-11-gd32895ea62 (webtiles) character file.

Game seed: 1187320612603604421

338 Almogavar the Digger (level 6, 0/34 HPs)
             Began as a Gargoyle Earth Elementalist on May 23, 2021.
             Slain by Edmund
             ... wielding a +1 vorpal dire flail
              (10 damage)
             ... on level 4 of the Dungeon.
             The game lasted 00:13:31 (4786 turns).

Almogavar the Digger (Gargoyle Earth Elementalist)  Turns: 4786, Time: 00:13:32

Health: 0/34       AC:  9    Str: 13    XL:     6   Next: 55%
Magic:  0/10       EV: 12    Int: 16    God:
Gold:   172        SH:  0    Dex: 10    Spells: 7/11 levels left

rFire    + . .     SeeInvis .   a - +0 whip
rCold    . . .     Faith    .   (no shield)
rNeg     + . .     Spirit   .   g - +2 leather armour {rF+}
rPois    ∞         Reflect  .   (no helmet)
rElec    +         Harm     .   (no cloak)
rCorr    .         Rampage  .   (no gloves)
Will     +....                  (no boots)
Stlth    ++........             k - amulet of magic regeneration
HPRegen  0.11/turn              i - ring of willpower
MPRegen  0.37/turn              (no ring)

@: no status effects
A: negative energy resistance 1, electricity resistance, unbreathing,
petrification resistance, miasma immunity, AC +4
a: no special abilities


You were on level 4 of the Dungeon.
You visited 1 branch of the dungeon, and saw 4 of its levels.

You collected 172 gold pieces.

Inventory:

Hand Weapons
 a - a +0 whip (weapon)
Missiles
 b - 52 stones
 n - 15 bolts
Armour
 g - a +2 leather armour of fire resistance (worn)
Jewellery
 i - a ring of willpower (left hand)
 k - an amulet of magic regeneration (around neck)
Scrolls
 d - a scroll of teleportation
 e - 4 scrolls of remove curse
 f - 2 scrolls of enchant weapon
 j - a scroll of amnesia
 q - a scroll of random uselessness {unknown}
 r - a scroll of magic mapping {unknown}
Potions
 c - a potion of curing
 h - a potion of invisibility
 l - 2 potions of haste
 o - a potion of resistance {unknown}
 p - a potion of attraction {unknown}


   Skills:
 + Level 1.0 Fighting
 + Level 2.4 Maces & Flails
 + Level 2.3 Armour
 + Level 2.3 Dodging
 + Level 3.0 Stealth
 + Level 3.0 Spellcasting
 + Level 0.7 Transmutations
 + Level 5.4 Earth Magic


You had 7 spell levels left.
You knew the following spells:

 Your Spells              Type           Power        Failure   Level
a - Sandblast             Erth           38%          2%          1
b - Stone Arrow           Conj/Erth      22%          24%         3

Your spell library contained the following spells:

 Spells                   Type           Power        Failure   Level
 Passwall                 Tmut/Erth      10%          10%         2
 Petrify                  Tmut/Erth      12%          54%         4
 Lee's Rapid Deconstruct  Erth           9%           56%         5


Dungeon Overview and Level Annotations

Branches:
Dungeon (4/15)
 Temple: D:4-7

Altars:
Dithmenos
Fedhas
Gozag
Ru

Annotations:
D:4 Edmund


Innate Abilities, Weirdness & Mutations

You are resistant to torment.
Your stone body is resilient. (AC +4)
You are immune to poison.
You resist negative energy. (rN+)
You are resistant to electric shocks. (rElec)
You can survive without breathing.
You are immune to petrification.
You are immune to miasma.


Message History

Edmund is severely wounded.
Edmund hits you with a +1 vorpal dire flail.
* * * LOW HITPOINT WARNING * * *
Casting: Sandblast (safe; 2% risk of failure)
Confirm with . or Enter, or press ? or * to list all spells.
Aiming: Sandblast (safe; 2% risk of failure)
Press: ? - help, Shift-Dir - straight line, f/p - Edmund
Aim: Edmund, wielding a +1 vorpal dire flail and wearing a +3 leather armour of willpower (severely wounded, 21% to evade)
The blast of sand hits Edmund.
Edmund is severely wounded.
Edmund misses you.
Casting: Sandblast (safe; 2% risk of failure)
Confirm with . or Enter, or press ? or * to list all spells.
Aiming: Sandblast (safe; 2% risk of failure)
Press: ? - help, Shift-Dir - straight line, f/p - Edmund
Aim: Edmund, wielding a +1 vorpal dire flail and wearing a +3 leather armour of willpower (severely wounded, 21% to evade)
The blast of sand hits Edmund!
Edmund is almost dead.
Edmund hits you with a +1 vorpal dire flail!
You die...

#.# .# #.....#
#.###.####.....#
#.#....$##...... #
#.#[#.#.########. #
#.#.....#### #
#.##........ #
#.##.#..#### #
########.##@......#
#######
#..#.....#.@......#
#......
#..........#.#..###
#.#####
###....####..........
#.# #......#
#####...### #.#
#.#.#..# #### ###.#
#.#....# #...#
#.###.## #.# ###...#
#.# #... #.# #.....#
#.# ##### #.#
###.#...#


You could see Edmund.

Vanquished Creatures
  Sigmund (D:2)
  An iguana (D:4)
  A worker ant (D:4)
  A gnoll (D:1)
  8 adders
  An ooze (D:2)
  An adder skeleton (D:4)
  2 worms
  A leopard gecko (D:3)
  4 bats
  3 giant cockroaches
  6 goblins
  2 hobgoblins (D:1)
  7 jackals (D:1)
  A quokka (D:2)
  2 ball pythons
  3 frilled lizards
  7 kobolds
  A leopard gecko zombie (D:3)
  5 rats
58 creatures vanquished.

Notes
Turn   | Place    | Note
-------+----------+-------------------------------------------
     0 | D:1      | Almogavar the Gargoyle Earth Elementalist began the quest
                  | for the Orb.
     0 | D:1      | Reached XP level 1. HP: 10/10 MP: 3/3
    16 | D:1      | Reached skill level 4 in Earth Magic
    16 | D:1      | Reached XP level 2. HP: 5/15 MP: 0/5
   593 | D:1      | Reached XP level 3. HP: 19/19 MP: 4/6
   775 | D:1      | Learned a level 3 spell: Stone Arrow
  1827 | D:2      | Noticed Sigmund
  1848 | D:2      | Found a sacrificial altar of Ru.
  1848 | D:2      | Found an opulent altar of Gozag.
  1861 | D:2      | Found a blossoming altar of Fedhas.
  1913 | D:2      | Reached XP level 4. HP: 3/24 MP: 5/7
  2199 | D:2      | Killed Sigmund
  2200 | D:2      | Reached skill level 1 in Maces & Flails
  2200 | D:2      | Reached skill level 1 in Armour
  2200 | D:2      | Reached skill level 5 in Earth Magic
  2200 | D:2      | Reached XP level 5. HP: 24/28 MP: 2/9
  2547 | D:2      | Found a shadowy altar of Dithmenos.
  2669 | D:2      | Reached XP level 6. HP: 33/33 MP: 10/10
  4392 | D:4      | Reached skill level 1 in Fighting
  4767 | D:4      | Noticed Edmund
  4786 | D:4      | Slain by Edmund

Illustrated notes

Levels and vault maps discovered:
D:1:      sevenhm_arrival_forest_fort_large_4, layout_loops_ring
D:2:      layout_basic, fedhas_altar_2,
          chequers_temple_overflow_statue_of_worship, grunt_dithmenos_smoke,
          uniq_sigmund
D:3:      layout_basic, minmay_hedge_maze
D:4:      layout_basic, minmay_misc_feat_five, chequers_serial_rivers_micro_d,
          uniq_edmund

Skill      XL: |  1  2  3  4  5  6 |
---------------+-------------------+-----
Earth Magic    | 4 5 |  5.4
Maces & Flails | 1 2 |  2.4
Armour         | 1 2 |  2.3
Dodging        | 2 |  2.3
Spellcasting   | 3 |  3.0
Stealth        | 3 |  3.0
Fighting       | 1 |  1.0
Transmutations | |  0.7

Action                   |  1- 3 |  4- 6 || total
-------------------------+-------+-------++-------
Melee: Unarmed           |     1 |       ||     1
       Whip              |   122 |   168 ||   290
 Cast: Sandblast         |    31 |    28 ||    59
  Use: Scroll            |     1 |     6 ||     7
 Stab: Sleeping          |     2 |     4 ||     6
Armor: Robe              |    18 |       ||    18
       Leather armour    |    30 |    51 ||    81
Dodge: Dodged            |    95 |   123 ||   218
